Match 28965609
Unlisted

Match 28965609
End
Construct Weapon Support Center
M1919 Machine Gun Team
Bazooka Squad
Sniper
M1919 Machine Gun Team
Sniper
Selects Armored Battlegroup
Selects Fast Deploy
Selects Fast Deploy
Selects Strength in Steel
Selects Veteran Crews
Selects Assault Engineers
Assault Engineer Squad
Selects M8 Scott SPG
Selects UNKNOWN (2160077)
M8 Scott SPG
M8 Scott SPG
Mechanized Support Center
M8 Scott SPG
Designate Forward Repair Station
Bazooka Squad
Bazooka Squad
Improved M9 Bazooka Rockets
Construct Tank Depot
Selects Field Repairs
Field Repairs
M4A3E8 Sherman Easy Eight
M3 Armored Personnel Carrier
Field Repairs
M4A3E8 Sherman Easy Eight
M4A1 76mm Conversion
Selects War Machine
M18 Hellcat Tank Destroyer
Field Repairs
Rearm and Retrofit
M18 Hellcat Tank Destroyer
李云龙
Remless
Rice shower
한글
HulkSMASH
nirvana
0
0

Comments sign in to comment!

No comments posted yet!